 Dungeon Crawl Stone Soup version 0.19.0-18-g426998a (webtiles) character file.

24 nikopol the Digger (level 3, 15/19 HPs)
             Began as a Gargoyle Earth Elementalist on Nov 8, 2016.
             Quit the game on level 1 of the Dungeon on Nov 11, 2016.
             The game lasted 00:05:49 (644 turns).

nikopol the Digger (Gargoyle Earth Elementalist)     Turns: 644, Time: 00:05:50

Health: 15/19      AC:  5    Str: 11    XL:     3   Next: 2%
Magic:  5/7        EV: 12    Int: 15    God:
Gold:   62         SH:  0    Dex: 11    Spells: 1 memorised, 6 levels left

rFire  + . .     SeeInvis .     f - +0 club
rCold  x . .     Gourm    .     c - +0 robe
rNeg   + . .     Faith    .     (no shield)
rPois  ∞         Spirit   .     (no helmet)
rElec  +         Reflect  .     (no cloak)
rCorr  .         Harm     .     (no gloves)
MR     .....                    (no boots)
Stlth  ++........               (no amulet)
                                (no ring)
                                k - ring of fire

@: no status effects
A: negative energy resistance 1, electricity resistance, unbreathing,
petrification resistance, rot immunity, AC +3
a: no special abilities


You were on level 1 of the Dungeon.
You were not hungry.

You visited 1 branch of the dungeon, and saw 1 of its levels.

You collected 62 gold pieces.

Inventory:

Hand Weapons
 f - a +0 club (weapon)
Missiles
 b - 93 stones (quivered)
Armour
 c - a +0 robe (worn)
Jewellery
 k - a ring of fire (left hand)
 o - a cursed ring of teleportation {unknown}
Scrolls
 n - a scroll of recharging {unknown}
Potions
 h - a potion of haste {unknown}
 j - a potion of degeneration {unknown}
 l - a potion of flight {unknown}
 p - a potion of heal wounds {unknown}
Books
 e - a book of Geomancy

   Spells                             Type                      Level
   a - Sandblast                      Earth                        1
   b - Passwall                       Transmutation/Earth          2
   c - Stone Arrow                    Conjuration/Earth            3
   d - Petrify                        Transmutation/Earth          4
   e - Lee's Rapid Deconstruction     Earth                        5
Comestibles
 a - 2 slices of pizza
 d - 2 bread rations
 i - a beef jerky
 m - a meat ration


   Skills:
 - Level 1.5 Dodging
 - Level 2.1 Stealth
 * Level 2.9 Spellcasting
   Level 0.7 Transmutations
 + Level 4.0 Earth Magic


You had 6 spell levels left.
You knew the following spells:

 Your Spells              Type           Power        Failure   Level  Hunger
a - Sandblast             Erth           ##....       4%          1    #......


Dungeon Overview and Level Annotations

Branches:
Dungeon (1/15)

Altars:


Innate Abilities, Weirdness & Mutations

You are resistant to torment.
Your stone body is resilient. (AC +3)
You are immune to poison.
You resist negative energy. (rN+)
You are resistant to electric shocks. (rElec)
You can survive without breathing.
You are immune to petrification.
You are immune to rotting.


Message History

a dagger; a goblin corpse You found a shaft!
There is a shaft here.
A hobgoblin comes into view.
The hobgoblin shouts!
The hobgoblin hits you.
Casting: Sandblast
Confirm with . or Enter, or press ? or * to list all spells.
Aiming: Sandblast
Press: ? - help, Shift-Dir - straight line, f - hobgoblin
Aim: a hobgoblin The blast of sand hits the hobgoblin.
You kill the hobgoblin!
You have reached level 3!
Your experience leads to an increase in your attributes!
Increase (S)trength, (I)ntelligence, or (D)exterity?
You feel agile.
Are you sure you want to abandon this character and quit the game? (Confirm with "yes".)
Okay, then.
Are you sure you want to abandon this character and quit the game? (Confirm with "yes".)

# ########### .#
#........^##.##
#.#######.#...##
. #.# #.@....#.
# ###.#
#......... #
#####...#
##.....#.# #
......###
##...##. #
####### #.###. #
#### .#
#.##########
...## .#
#...........
....# .#
##..........
##>.#
#)########.


There were no monsters in sight!

Vanquished Creatures
  A dart slug (D:1)
  A ball python (D:1)
  A giant cockroach (D:1)
  4 goblins (D:1)
  3 hobgoblins (D:1)
  4 kobolds (D:1)
  3 bats (D:1)
  A frilled lizard (D:1)
  3 rats (D:1)
21 creatures vanquished.

Notes
Turn   | Place    | Note
-------+----------+-------------------------------------------
     0 | D:1      | nikopol the Gargoyle Earth Elementalist began the quest for the Orb.
     0 | D:1      | Reached XP level 1. HP: 10/10 MP: 3/3
     0 | D:1      | Upgraded the game from 0.19.0-11-g3fc08b3 to 0.19.0-18-g426998a
    92 | D:1      | Reached XP level 2. HP: 14/15 MP: 0/5
   525 | D:1      | Reached skill level 4 in Earth Magic
   643 | D:1      | Reached XP level 3. HP: 15/19 MP: 5/7
   644 | D:1      | Quit the game

Skill      XL: |  1  2 |
---------------+-------+-----
Earth Magic    | 4 |  4.0
Dodging        | |  1.5
Stealth        | |  2.1
Spellcasting   | |  2.9
Transmutations | |  0.7

Action                   || total
-------------------------++-------
Melee: Club              ||    14
 Cast: Sandblast         ||    33
Armor: Robe              ||    10
Dodge: Dodged            ||    23
